AoeStats
← ihate

Arabia

510544938Analyzed
1v1 RM · 16h ago on Oct 1, 2026· 49m 36s· 2 players
Game mode
Random Map
Map size
Tiny (2 player)
Population
200
Speed
Normal
Resources
Standard
Victory
Conquest
Starting age
Dark Age
Ending age
Imperial Age
RankedLock teamsTeams togetherTeam positionsShared explorationLock speedFull tech treeHidden civsTurbo modeCheats
Victory
Defeat
🇬🇧 Armenians · United Kingdom
1090
+17
🇩🇪 Saxons · Germany
1111
-17
kyleanderson041199
7:06 Loom
9:59 Feudal Age
10:35 Double-Bit Axe
11:14 Man-at-Arms
12:10 Arson
13:45 Forging
14:59 Scale Mail Armor
19:41 Town Watch
25:30 Castle Age
25:53 Fletching
25:55 Crossbowman
27:02 Padded Archer Armor
27:31 Bodkin Arrow
28:27 Leather Archer Armor
27:45 Light Cavalry
28:53 Bloodlines
31:47 Husbandry
36:54 Imperial Age
37:15 Husbandry
38:30 Stone Mining
38:39 Gold Mining
39:47 Arbalester
41:09 Scale Barding Armor
41:16 Cavalier
43:22 Iron Casting
43:35 Chain Barding Armor
42:37 Capped Ram
44:42 Chemistry
44:12 Bracer
45:18 Wheelbarrow
45:21 Ring Archer Armor
46:05 Blast Furnace
50:17 Hand Cart
ihate
10:18 Feudal Age
8:33 Loom
10:49 Double-Bit Axe
11:55 Horse Collar
23:31 Castle Age
22:29 Gold Mining
25:32 Town Watch
26:22 Heavy Plow
27:11 Bow Saw
32:13 Scale Mail Armor
32:24 Forging
31:40 Elite Skirmisher
35:50 Chain Mail Armor
38:14 Squires
38:03 Arson
43:37 Imperial Age
42:37 Iron Casting
43:49 Fletching
43:45 Shield Wall
45:17 Crop Rotation
45:39 Plate Mail Armor
46:14 Wheelbarrow
46:51 Elite Hearth Troop
47:04 Crossbowman
48:33 Conscription
Connection lost

Rejoining the realm…

Still unreachable

The connection could not be restored.

Session expired

The server has moved on; the page needs a fresh start.